PL
RICHARDSON CITY THUNDERCATS @ ATLANTA SMOKE
08/29/2026
 
TOP OF THE 1ST
Richardson City Thundercats batting - Pitching for Atlanta Smoke : LHP Manuel Rojas
Pitching: LHP Manuel Rojas
Batting: RHB Juan Cabrera 0-0: Ball
1-0: Ball
2-0: Ball
3-0: Called Strike
3-1: SINGLE (Line Drive, 6MD)
Batting: SHB Mitch Qualtrough 0-0: Swinging Strike
0-1: SINGLE (Line Drive, 7LM)
Juan Cabrera to second
Batting: RHB Alden Wiley 0-0: Ball
1-0: Fly out, F6 (Popup, 6MD)
Batting: RHB Alan Elder 0-0: Ball
1-0: DOUBLE (Line Drive, 7LM)
Juan Cabrera scores
Mitch Qualtrough to third
Batting: RHB Jonathan Cook 0-0: Ball
1-0: Swinging Strike
1-1: Foul Ball, location: 2F
1-2: Ball
2-2: Strikes out swinging
Batting: RHB Tomás Martínez 0-0: Ball
1-0: Foul Ball, location: 2F
1-1: Foul Ball, location: 2F
1-2: Foul Ball, location: 2F
1-2: Fly out, F7 (Flyball, 78M)
Top of the 1st over - 1 run(s), 3 hit(s), 0 error(s), 2 left on base; Richardson City 1 - Atlanta 0
BOTTOM OF THE 1ST
Atlanta Smoke batting - Pitching for Richardson City Thundercats : RHP Cordell Wilson
Pitching: RHP Cordell Wilson
Batting: LHB Bernardo Elías 0-0: Ball
1-0: Called Strike
1-1: Ball
2-1: Called Strike
2-2: Strikes out swinging
Batting: RHB Bartolo Morales 0-0: Foul Ball, location: 2F
0-1: Ball
1-1: Called Strike
1-2: Ball
2-2: Ball
3-2: SINGLE (Flyball, 8RS)
Batting: LHB Albert Morán 0-0: Ball
1-0: Ball
Bartolo Morales steals 2nd base
2-0: Called Strike
2-1: Ground out 6-3 (Groundball, 6)
Bartolo Morales to third
Batting: RHB Gabriel Maldonado 0-0: Ball
1-0: Swinging Strike
1-1: Ball
2-1: Ball
3-1: Called Strike
3-2: Ground out 5-3 (Groundball, 5D)
Bottom of the 1st over - 0 run(s), 1 hit(s), 0 error(s), 1 left on base; Richardson City 1 - Atlanta 0
TOP OF THE 2ND
Richardson City Thundercats batting - Pitching for Atlanta Smoke : LHP Manuel Rojas
Batting: RHB Joey Jones 0-0: Ball
1-0: Ball
2-0: Called Strike
2-1: Foul Ball, location: 2F
2-2: Strikes out swinging
Batting: RHB Nate Cates 0-0: Ball
1-0: Called Strike
1-1: Ball
2-1: Ball
3-1: Base on Balls
Batting: LHB Eduardo Álvarez 0-0: Ball
1-0: Ball
2-0: Called Strike
2-1: Foul Ball, location: 2F
2-2: SINGLE (Line Drive, 9LS)
Nate Cates to second
Batting: RHB Juan Cabrera 0-0: Called Strike
0-1: SINGLE (Line Drive, 4D)
Nate Cates to third
Eduardo Álvarez to second
Batting: SHB Mitch Qualtrough 0-0: Ball
1-0: SINGLE (Flyball, 78S)
Nate Cates scores
Eduardo Álvarez to third
Juan Cabrera to second
Runner from 3rd tries for Home, throw and OUT!
Juan Cabrera to third
Mitch Qualtrough to second
Batting: RHB Alden Wiley 0-0: Ball
1-0: Foul Ball, location: 2F
1-1: Ball
2-1: SINGLE (Line Drive, 8LS)
Juan Cabrera scores
Mitch Qualtrough to third
Runner from 3rd tries for Home, SAFE, no throw
Batting: RHB Alan Elder Pickoff Throw to First - Out!
Top of the 2nd over - 3 run(s), 4 hit(s), 0 error(s), 0 left on base; Richardson City 4 - Atlanta 0
BOTTOM OF THE 2ND
Atlanta Smoke batting - Pitching for Richardson City Thundercats : RHP Cordell Wilson
Batting: LHB Ned Durand 0-0: Ball
1-0: Ball
2-0: Ground out 4-3 (Groundball, 4)
Batting: RHB Layton Templeman 0-0: Called Strike
0-1: Called Strike
0-2: SINGLE (Groundball, 4MD)
Batting: RHB Gerardo Castillo 0-0: Foul Ball, location: 2F
0-1: Called Strike
0-2: Foul Ball, location: 2F
0-2: Ball
1-2: Ball
2-2: Ball
3-2: Fly out, F9 (Flyball, 89M)
Batting: RHB Clarence Fox 0-0: Ball
1-0: Foul Ball, location: 2F
1-1: Foul Ball, location: 2F
1-2: Strikes out swinging
Bottom of the 2nd over - 0 run(s), 1 hit(s), 0 error(s), 1 left on base; Richardson City 4 - Atlanta 0
TOP OF THE 3RD
Richardson City Thundercats batting - Pitching for Atlanta Smoke : LHP Manuel Rojas
Batting: RHB Alan Elder 0-0: Called Strike
0-1: Called Strike
0-2: Ball
1-2: Foul Ball, location: 2F
1-2: Foul Ball, location: 2F
1-2: Ground out 6-3 (Groundball, 6)
Batting: RHB Jonathan Cook 0-0: Ball
1-0: Foul Ball, location: 2F
1-1: Fly out, F9 (Flyball, 9)
Batting: RHB Tomás Martínez 0-0: Ball
1-0: Foul Ball, location: 2F
1-1: Foul Ball, location: 2F
1-2: Foul Ball, location: 2F
1-2: Foul Ball, location: 2F
1-2: Strikes out looking
Top of the 3rd over - 0 run(s), 0 hit(s), 0 error(s), 0 left on base; Richardson City 4 - Atlanta 0
BOTTOM OF THE 3RD
Atlanta Smoke batting - Pitching for Richardson City Thundercats : RHP Cordell Wilson
Batting: RHB Travis Newsome 0-0: Ball
1-0: Ground out 5-3 (Groundball, 56S)
Batting: LHB Bernardo Elías 0-0: SINGLE (Line Drive, 89M)
Batting: RHB Bartolo Morales 0-0: Called Strike
0-1: Ball
1-1: Ball
2-1: Foul Ball, location: 2F
2-2: Foul Ball, location: 2F
2-2: Foul Ball, location: 2F
2-2: Strikes out swinging
Batting: LHB Albert Morán 0-0: Ball
1-0: Ball
2-0: Swinging Strike
2-1: Foul Ball, location: 2F
2-2: Foul Ball, location: 2F
2-2: Ball
Throwing error on steal attempt, E2
Bernardo Elías to third
3-2: SINGLE (Groundball, 3D)
Bernardo Elías scores
Batting: RHB Gabriel Maldonado 0-0: Ball
Albert Morán is caught stealing 2nd base
Bottom of the 3rd over - 1 run(s), 2 hit(s), 1 error(s), 0 left on base; Richardson City 4 - Atlanta 1
TOP OF THE 4TH
Richardson City Thundercats batting - Pitching for Atlanta Smoke : LHP Manuel Rojas
Batting: RHB Joey Jones 0-0: Called Strike
0-1: Called Strike
0-2: Strikes out swinging
Batting: RHB Nate Cates 0-0: Foul Ball, location: 2F
0-1: Ball
1-1: Foul Ball, location: 2F
1-2: Ball
2-2: Strikes out looking
Batting: LHB Eduardo Álvarez 0-0: Called Strike
0-1: Ground out 3-1 (Groundball, 34S)
Top of the 4th over - 0 run(s), 0 hit(s), 0 error(s), 0 left on base; Richardson City 4 - Atlanta 1
BOTTOM OF THE 4TH
Atlanta Smoke batting - Pitching for Richardson City Thundercats : RHP Cordell Wilson
Batting: RHB Gabriel Maldonado 0-0: Ball
1-0: Called Strike
1-1: SOLO HOME RUN (Flyball, 78XD), Distance : 437 ft
Batting: LHB Ned Durand 0-0: Ball
1-0: Foul Ball, location: 2F
1-1: Swinging Strike
1-2: Ball
2-2: SINGLE (Line Drive, 7S)
Batting: RHB Layton Templeman 0-0: Ball
1-0: Ball
2-0: Called Strike
2-1: Called Strike
2-2: Foul Ball, location: 2F
2-2: Strikes out swinging
Batting: RHB Gerardo Castillo 0-0: Ball
1-0: Ball
2-0: Foul Ball, location: 2F
2-1: Fly out, F8 (Flyball, 8RS)
Batting: RHB Clarence Fox 0-0: Ball
1-0: Called Strike
1-1: Fly out, F8 (Flyball, 8LS)
Bottom of the 4th over - 1 run(s), 2 hit(s), 0 error(s), 1 left on base; Richardson City 4 - Atlanta 2
TOP OF THE 5TH
Richardson City Thundercats batting - Pitching for Atlanta Smoke : LHP Manuel Rojas
Batting: RHB Juan Cabrera 0-0: Called Strike
0-1: Ball
1-1: SINGLE (Line Drive, 56D)
Batting: SHB Mitch Qualtrough 0-0: Ball
1-0: Ball
2-0: Bunt missed!
2-1: Sac Bunt - play at second, runner OUT! 1-6
Batting: RHB Alden Wiley 0-0: Called Strike
Mitch Qualtrough is caught stealing 2nd base
0-1: Ball
1-1: Ground out 6-3 (Groundball, 6)
Top of the 5th over - 0 run(s), 1 hit(s), 0 error(s), 0 left on base; Richardson City 4 - Atlanta 2
BOTTOM OF THE 5TH
Atlanta Smoke batting - Pitching for Richardson City Thundercats : RHP Cordell Wilson
Batting: RHB Travis Newsome 0-0: Ball
1-0: Called Strike
1-1: Fly out, F7 (Flyball, 78S)
Batting: LHB Bernardo Elías 0-0: Ball
1-0: Foul Ball, location: 2F
1-1: Swinging Strike
1-2: Ball
2-2: Ball
3-2: Ground out 6-3 (Groundball, 6M)
Batting: RHB Bartolo Morales 0-0: Ball
1-0: Ground out 6-3 (Groundball, 6)
Bottom of the 5th over - 0 run(s), 0 hit(s), 0 error(s), 0 left on base; Richardson City 4 - Atlanta 2
TOP OF THE 6TH
Richardson City Thundercats batting - Pitching for Atlanta Smoke : LHP Manuel Rojas
Batting: RHB Alan Elder 0-0: Ball
1-0: SINGLE (Line Drive, 78M)
Batting: RHB Jonathan Cook 0-0: Ball
1-0: Grounds into double play, 5-4-3 (Groundball, 5L)
Batting: RHB Tomás Martínez 0-0: Ball
1-0: Called Strike
1-1: Ground out 6-3 (Groundball, 6)
Top of the 6th over - 0 run(s), 1 hit(s), 0 error(s), 0 left on base; Richardson City 4 - Atlanta 2
BOTTOM OF THE 6TH
Atlanta Smoke batting - Pitching for Richardson City Thundercats : RHP Cordell Wilson
Batting: LHB Albert Morán 0-0: Called Strike
0-1: Foul Ball, location: 2F
0-2: Ball
1-2: Fly out, F5 (Flyball, 5D)
Batting: RHB Gabriel Maldonado 0-0: Called Strike
0-1: Ball
1-1: Ground out 5-3 (Groundball, 56S)
Batting: LHB Ned Durand 0-0: Called Strike
0-1: Foul Ball, location: 2F
0-2: Ball
1-2: Ball
2-2: Ball
3-2: SINGLE (Line Drive, 89M)
Batting: RHB Layton Templeman 0-0: Called Strike
0-1: SINGLE (Groundball, 34D)
Ned Durand to second
Runner from 2nd tries for 3rd, SAFE, throw made to third
Batting: RHB Gerardo Castillo 0-0: Called Strike
0-1: Ball
1-1: Called Strike
1-2: Foul Ball, location: 2F
1-2: Strikes out swinging
Bottom of the 6th over - 0 run(s), 2 hit(s), 0 error(s), 2 left on base; Richardson City 4 - Atlanta 2
TOP OF THE 7TH
Richardson City Thundercats batting - Pitching for Atlanta Smoke : LHP Manuel Rojas
Batting: RHB Joey Jones 0-0: Ball
1-0: Ball
2-0: Ground out 4-3 (Groundball, 4)
Batting: RHB Nate Cates 0-0: Ground out U3 (Groundball, 3S)
Batting: LHB Eduardo Álvarez 0-0: Called Strike
0-1: Reached on error, E4 (Groundball, 4)
Batting: RHB Juan Cabrera 0-0: Called Strike
0-1: Ground out 5-3 (Groundball, 56)
Top of the 7th over - 0 run(s), 0 hit(s), 1 error(s), 1 left on base; Richardson City 4 - Atlanta 2
BOTTOM OF THE 7TH
Atlanta Smoke batting - Pitching for Richardson City Thundercats : RHP Cordell Wilson
Batting: RHB Clarence Fox 0-0: Ground out 4-3 (Groundball, 4S)
Batting: RHB Travis Newsome 0-0: Ball
1-0: Ball
2-0: Fly out, F8 (Flyball, 8LD)
Batting: LHB Bernardo Elías 0-0: Ball
1-0: Ground out U3 (Groundball, 34)
Bottom of the 7th over - 0 run(s), 0 hit(s), 0 error(s), 0 left on base; Richardson City 4 - Atlanta 2
TOP OF THE 8TH
Richardson City Thundercats batting - Pitching for Atlanta Smoke : LHP Manuel Rojas
Batting: SHB Mitch Qualtrough 0-0: Ball
1-0: Ground out 5-3 (Groundball, 56)
Batting: RHB Alden Wiley 0-0: Ball
1-0: Ball
2-0: Foul Ball, location: 2F
2-1: Ground out 6-3 (Groundball, 6)
Batting: RHB Alan Elder 0-0: DOUBLE (Line Drive, 89D)
Batting: RHB Jonathan Cook 0-0: Ball
1-0: Called Strike
1-1: Ball
2-1: Ball
3-1: Swinging Strike
3-2: Base on Balls
Batting: RHB Tomás Martínez 0-0: Foul Ball, location: 2F
0-1: Fly out, F8 (Flyball, 78XD)
Top of the 8th over - 0 run(s), 1 hit(s), 0 error(s), 2 left on base; Richardson City 4 - Atlanta 2
BOTTOM OF THE 8TH
Atlanta Smoke batting - Pitching for Richardson City Thundercats : RHP Cordell Wilson
Pitching: LHP Armando Gonzáles
Batting: RHB Bartolo Morales 0-0: Ball
1-0: Ball
2-0: Swinging Strike
2-1: Swinging Strike
2-2: Fly out, F1 (Line Drive, 13)
Batting: LHB Albert Morán 0-0: SOLO HOME RUN (Flyball, 89XD), Distance : 439 ft
Pitching: RHP Dave Reed
Batting: RHB Gabriel Maldonado 0-0: Ball
1-0: Swinging Strike
1-1: Foul Ball, location: 2F
1-2: Ball
2-2: DOUBLE (Line Drive, 7LM)
Pitching: LHP Manuel Franco
Batting: LHB Ned Durand 0-0: Ball
1-0: Foul Ball, location: 2F
1-1: Foul Ball, location: 2F
1-2: Strikes out looking
Pitching: LHP Javier Ramírez
Batting: RHB Layton Templeman 0-0: SINGLE (Groundball, 34D)
Gabriel Maldonado to third
Runner from 3rd tries for Home, SAFE, no throw
Batting: RHB Gerardo Castillo 0-0: Ball
Pickoff Throw to First - Error! E1
Layton Templeman to second
1-0: Called Strike
1-1: Ball
2-1: Ball
3-1: Foul Ball, location: 2F
3-2: Strikes out swinging
Bottom of the 8th over - 2 run(s), 3 hit(s), 1 error(s), 1 left on base; Richardson City 4 - Atlanta 4
TOP OF THE 9TH
Richardson City Thundercats batting - Pitching for Atlanta Smoke : LHP Manuel Rojas
Pitching: RHP Iván García
Batting: RHB Joey Jones 0-0: Ground out 6-3 (Groundball, 6)
Pinch Hitting: LHB Terrence Eler 0-0: Ball
1-0: Foul Ball, location: 2F
1-1: Swinging Strike
1-2: Ball
2-2: Strikes out swinging
Batting: LHB Eduardo Álvarez 0-0: Foul Ball, location: 2F
0-1: Swinging Strike
0-2: Strikes out swinging
Top of the 9th over - 0 run(s), 0 hit(s), 0 error(s), 0 left on base; Richardson City 4 - Atlanta 4
BOTTOM OF THE 9TH
Atlanta Smoke batting - Pitching for Richardson City Thundercats : LHP Javier Ramírez
Pitching: RHP Eduardo Díaz
Now at 1B: Terrence Eler
Pinch Hitting: LHB Willis Baker 0-0: Called Strike
0-1: Swinging Strike
0-2: Ball
1-2: Ball
2-2: Foul Ball, location: 2F
2-2: Fly out, F8 (Flyball, 8LS)
Batting: RHB Travis Newsome 0-0: Called Strike
0-1: Foul Ball, location: 2F
0-2: Ball
1-2: Ball
2-2: Foul Ball, location: 2F
2-2: Ball
3-2: Base on Balls
Batting: LHB Bernardo Elías 0-0: Ball
1-0: Ball
2-0: Ball
3-0: Called Strike
3-1: Foul Ball, location: 2F
3-2: Foul Ball, location: 2F
3-2: Base on Balls
Travis Newsome to second
Batting: RHB Bartolo Morales 0-0: Called Strike
0-1: Reached on error, E6 (Groundball, 6)
Travis Newsome to third
Bernardo Elías to second
Batting: LHB Albert Morán 0-0: Ball
1-0: Ball
2-0: Called Strike
2-1: Ball
3-1: Base on Balls
Travis Newsome scores
Bernardo Elías to third
Bartolo Morales to second
Monday, March 20th, 2017 - OOTP Baseball 17.12 Build 75